 Dungeon Crawl Stone Soup version 0.19-a0-414-g76fec5b (webtiles) character file.

63 Ajdolov the Chopper (level 4, 0/35 HPs)
             Began as a Formicid Fighter on May 31, 2016.
             Succumbed to an adder's poison
             ... on level 2 of the Dungeon.
             The game lasted 00:02:44 (1417 turns).

Ajdolov the Chopper (Formicid Fighter)              Turns: 1417, Time: 00:02:45

Health: 0/35       AC:  8    Str: 20    XL:     4   Next: 31%
Magic:  4/4        EV:  7    Int:  8    God:
Gold:   95         SH: 12    Dex: 11    Spells: 0 memorised, 3 levels left

rFire  . . .     SeeInvis +     a - +0 war axe
rCold  . . .     Gourm    .     b - +0 scale mail
rNeg   . . .     Faith    .     c - +0 shield
rPois  .         Spirit   .     (helmet unavailable)
rElec  .         Dismiss  .     e - +0 cloak (curse)
rCorr  .         Reflect  +     (no gloves)
SustAt .         Harm     .     (no boots)
MR     .....                    i - +3 amulet of reflection
Stlth  ..........               (no ring)
                                (no ring)

@: lethally poisoned (0 -> -3), not resistant to hostile enchantments, extremely
unstealthy
A: permanent stasis, dig shafts and tunnels, four strong arms, antennae 3
a: Dig, Shaft Self


You were on level 2 of the Dungeon.
You were not hungry.

You visited 1 branch of the dungeon, and saw 2 of its levels.

You collected 95 gold pieces.

Inventory:

Hand Weapons
 a - a +0 war axe (weapon)
Armour
 b - a +0 scale mail (worn)
 c - a +0 shield (worn)
 e - a cursed +0 cloak (worn)
Jewellery
 i - a +3 amulet of reflection (around neck)
Scrolls
 o - a scroll of remove curse {unknown}
Potions
 d - a potion of might
 g - a potion of lignification {unknown}
 h - a potion of berserk rage {unknown}
 j - a potion of haste {unknown}
 l - a potion of curing {unknown}
 m - a potion of magic {unknown}
Comestibles
 f - 2 bread rations
 k - 3 chunks of flesh
 n - a meat ration


   Skills:
 - Level 3.2 Fighting
 + Level 4.2 Axes
 - Level 3.2 Armour
 - Level 3.6 Shields


You had 3 spell levels left.
You didn't know any spells.

Dungeon Overview and Level Annotations

Branches:
Dungeon (2/15)

Altars:
Dithmenos
Gozag

Annotations:
D:2 Sigmund


Innate Abilities, Weirdness & Mutations

You are under a permanent stasis effect.
You can dig through walls and to a lower floor.
Your four strong arms can wield two-handed weapons with a shield.
You have a pair of large antennae on your head. (SInv)


Message History

You feel sick. You block the adder's attack. x2
You slash the adder!
You kill the adder!
You feel sick.
Sigmund the Dreaded comes into view.
He is wielding a scythe.
Sigmund shouts!
You feel sick.
You see here a bat corpse.
Sigmund hits you from afar with a scythe.
You see here a quokka corpse.
You feel sick.
Sigmund zaps a wand.
You resist with some effort.
It is a wand of slowing.
Sigmund points at you and mumbles some strange words.
The puff of flame hits you!
* * * LOW HITPOINT WARNING * * *
* * * LOW HITPOINT WARNING * * *
You feel sick.
Sigmund casts a spell.
Sigmund flickers and vanishes for a moment.
You die...

#.####...###@#####
###_## #..†......#
####.###..†#{###.#
#..##.####........
#.#.#.##...#.###..
#.##.###.###.#
#.###.####....#.#
##..#.#.###.##.#.#
##..##.##..## #@#.#
##...##..##.####.#.###.
#....####.###.......<...
.....# #.##............
.....####.............##
#..........####.######
#.)..#.#.#.# #.#
##.#.##.#.#.# #.#
#............ ..#


There were no monsters in sight!

Vanquished Creatures
  2 adders (D:2)
  A worm (D:2)
  2 dart slugs (D:2)
  A ball python (D:1)
  A giant cockroach (D:2)
  3 goblins
  7 hobgoblins
  2 quokkas (D:2)
  4 bats
  7 kobolds
  11 rats
41 creatures vanquished.

Notes
Turn   | Place    | Note
--------------------------------------------------------------
     0 | D:1      | Ajdolov the Formicid Fighter began the quest for the Orb.
     0 | D:1      | Reached XP level 1. HP: 18/18 MP: 1/1
   196 | D:1      | Reached XP level 2. HP: 21/24 MP: 2/2
   600 | D:1      | Reached skill level 3 in Axes
   929 | D:2      | Reached XP level 3. HP: 24/29 MP: 3/3
  1045 | D:2      | Found a shadowy altar of Dithmenos.
  1177 | D:2      | Reached XP level 4. HP: 23/35 MP: 4/4
  1330 | D:2      | Reached skill level 4 in Axes
  1348 | D:2      | Found an opulent altar of Gozag.
  1409 | D:2      | Noticed Sigmund
  1414 | D:2      | HP: 1/35 [poisoned by an adder]
  1417 | D:2      | Succumbed to an adder's poison

Vault maps used:
D:1:      dpeg_arrival_signposts
D:2:      marbit_many_paths, first_bread, grunt_dithmenos_smoke_and_mirrors,
          uniq_sigmund

Skill      XL: |  1  2  3  4 |
---------------+-------------+-----
Axes           | 3 4 |  4.2
Fighting       | |  3.2
Armour         | |  3.2
Shields        | |  3.6

Action                   |  1- 3 |  4- 6 || total
-------------------------+-------+-------++-------
Melee: War axe           |   104 |    22 ||   126
  Eat: Chunk             |     1 |     1 ||     2
Armor: Scale mail        |    38 |     7 ||    45
Dodge: Dodged            |    27 |    10 ||    37
Block: Shield            |    50 |    26 ||    76
       Reflection        |     1 |       ||     1
